 Dungeon Crawl Stone Soup version 0.24-a0-370-g78e9d4e317 (webtiles) character file.

Game seed: 12033623974381982823

65 Holzbalken the Poker (level 3, -3/27 HPs)
             Began as a Demonspawn Gladiator on May 30, 2019.
             Slain by an adder (4 damage)
             ... on level 2 of the Dungeon.
             The game lasted 00:05:27 (1468 turns).

Holzbalken the Poker (Demonspawn Gladiator)         Turns: 1468, Time: 00:05:27

Health: -3/27      AC:  4    Str: 15    XL:     3   Next: 94%
Magic:  3/3        EV: 12    Int:  9    God:
Gold:   75         SH:  0    Dex: 14    Spells: 2/2 levels left

rFire    . . .     SeeInvis .   a - +0 trident
rCold    . . .     Gourm    .   (no shield)
rNeg     . . .     Faith    .   b - +0 leather armour
rPois    .         Spirit   .   (helmet restricted)
rElec    .         Reflect  .   n - +0 cloak
rCorr    .         Harm     .   (no gloves)
MR       .....                  (no boots)
Stlth    +.........             (no amulet)
HPRegen  0.09/turn              (no ring)
MPRegen  0.08/turn              (no ring)

@: lethally poisoned (-3 -> -8)
A: antennae 1
a: no special abilities


You were on level 2 of the Dungeon.
You were not hungry.

You visited 1 branch of the dungeon, and saw 2 of its levels.

You collected 75 gold pieces.

Inventory:

Hand Weapons
 a - a +0 trident (weapon)
Missiles
 d - 3 throwing nets (quivered)
Armour
 b - a +0 leather armour (worn)
 c - a +0 helmet
 n - a +0 cloak (worn)
Jewellery
 o - an uncursed ring of positive energy {unknown}
Scrolls
 e - a scroll of fear {unknown}
 h - a scroll of random uselessness {unknown}
 i - 3 scrolls of identify {unknown}
 l - 2 scrolls of teleportation {unknown}
 m - 2 scrolls of blinking {unknown}
 q - 2 scrolls of enchant armour {unknown}
Potions
 j - a potion of flight {unknown}
 k - 2 potions of curing {unknown}
 p - a potion of ambrosia {unknown}
Comestibles
 f - 2 rations
 g - 2 chunks of flesh


   Skills:
 - Level 2.0 Fighting
 + Level 4.4 Polearms
 - Level 1.7 Throwing
 - Level 2.6 Dodging


You had 2 spell levels left.
You didn't know any spells.
Your spell library was empty.

Dungeon Overview and Level Annotations

Branches:
Dungeon (2/15)

Altars:


Innate Abilities, Weirdness & Mutations

You have a pair of small antennae on your head.


Message History

You feel sick. The adder bites you.
* * * LOW HITPOINT WARNING * * *
You are more poisoned.
The adder poisons you!
You closely miss the adder.
The adder is severely wounded.
* * * LOW HITPOINT WARNING * * *
You feel sick. The adder barely misses you.
You closely miss the adder.
The adder is severely wounded.
The adder closely misses you. The adder barely misses you.
You hit the adder.
The adder is almost dead.
* * * LOW HITPOINT WARNING * * *
You feel sick. The adder misses you.
You closely miss the adder.
The adder is almost dead.
* * * LOW HITPOINT WARNING * * *
You feel sick. The adder bites you.
You die...

.. .##. #.#....
.##.##.....#
..........##
#.#.......####
#.............
#........#
#...S.# #...@.# #
.#####.#.#.# #
.........#.# .
.......#.#..
###...##.####
..........####.#
#.###.###.......#
#.# #.# ##.######
#.# #.####.#


You could see an adder.

Vanquished Creatures
  A gnoll (D:1)
  An adder (D:2)
  An ooze (D:2)
  2 dart slugs
  2 leopard geckos (D:2)
  2 giant cockroaches
  4 goblins
  9 hobgoblins
  2 bats
  4 frilled lizards
  3 kobolds
  4 rats
35 creatures vanquished.

Notes
Turn   | Place    | Note
-------+----------+-------------------------------------------
     0 | D:1      | Holzbalken the Demonspawn Gladiator began the quest for the
                  | Orb.
     0 | D:1      | Reached XP level 1. HP: 16/16 MP: 1/1
   168 | D:1      | Reached skill level 3 in Polearms
   471 | D:1      | Gained mutation: You have a pair of small antennae on your
                  | head. [demonic ancestry]
   471 | D:1      | Reached XP level 2. HP: 22/22 MP: 2/2
   633 | D:1      | Reached XP level 3. HP: 27/27 MP: 3/3
   907 | D:2      | Reached skill level 4 in Polearms
  1468 | D:2      | HP: 1/27 [poisoned by an adder]
  1468 | D:2      | Slain by an adder

Levels and vault maps discovered:
D:1:      grunt_arrival_lava_bath, layout_basic
D:2:      layout_loops_ring, first_ration

Skill      XL: |  1  2  3 |
---------------+----------+-----
Polearms       | 3 4 |  4.4
Fighting       | |  2.0
Throwing       | |  1.7
Dodging        | |  2.6

Action                   || total
-------------------------++-------
Melee: Trident           ||   129
 Stab: Sleeping          ||     2
  Eat: Chunk             ||     2
Armor: Leather armour    ||    26
Dodge: Dodged            ||    62

Table legend:
 A = Non-vault XP
 B = Vault XP
 C = Vault XP percentage of total XP
 D = Non-vault monster count
 E = Vault monster count
 F = Vault count percentage of total count
                 A         B        C        D         E       F
            +---------+---------+-------+---------+---------+-------
      Total |      94 |       0 |   0.0 |      35 |       0 |   0.0
            +---------+---------+-------+---------+---------+-------
        D:1 |      49 |       0 |   0.0 |      21 |       0 |   0.0
        D:2 |      45 |       0 |   0.0 |      14 |       0 |   0.0
            +---------+---------+-------+---------+---------+-------
